 Dungeon Crawl Stone Soup version 0.26-a0-962-g9b92081034 (webtiles) character file.

Game seed: 12083399461994334091

238 Gargoyl the Skirmisher (level 6, -2/79 HPs)
             Began as a Gnoll Abyssal Knight on Dec 2, 2020.
             Was a Believer of Lugonu.
             Killed by divine providence
             ... invoked by an orc priest
              (13 damage)
             ... on level 4 of the Dungeon.
             The game lasted 00:04:45 (2518 turns).

Gargoyl the Skirmisher (Gnoll Abyssal Knight)       Turns: 2518, Time: 00:04:46

Health: -2/79      AC: 23    Str: 16    XL:     6   Next: 7%
Magic:  9/9        EV:  2    Int: 14    God:    Lugonu [**....]
Gold:   215        SH:  0    Dex: 15    Spells: 8/8 levels left

rFire    . . .     SeeInvis .   o - +0 hand axe (elec)
rCold    . . .     Faith    .   (no shield)
rNeg     + + +     Spirit   .   (armour currently unavailable)
rPois    +         Reflect  .   (helmet currently unavailable)
rElec    .         Harm     .   (cloak currently unavailable)
rCorr    .         Rampage  .   (gloves currently unavailable)
MR       .....     NoTele   +   (boots currently unavailable)
Stlth    ++........             (no amulet)
HPRegen  0.23/turn              (no ring)
MPRegen  0.11/turn              (no ring)

@: tree-form
A: distributed training, strong nose
a: Depart the Abyss, Bend Space, Renounce Religion


You were on level 4 of the Dungeon.
You worshipped Lugonu.
Lugonu was pleased with you.
You were a tree.
You visited 1 branch of the dungeon, and saw 4 of its levels.
You visited the Abyss 1 time.

You collected 215 gold pieces.

Inventory:

Hand Weapons
 a - a +1 hand axe
 o - a +0 hand axe of electrocution (weapon)
Armour
 d - the cursed +0 pair of gloves "Earthly Heaven" (melded) {Str+6}
   (You found it on level 2 of the Abyss)

   It affects your strength (+6).
   It has a curse placed upon it.
 e - a +0 plate armour (melded)
 m - a scarf of resistance (melded)
Scrolls
 h - a scroll of magic mapping
 k - 2 scrolls of teleportation
Potions
 b - a potion of lignification
 c - 2 potions of brilliance {unknown}
 f - 2 potions of might {unknown}
 g - 2 potions of heal wounds {unknown}
 i - 3 potions of curing


   Skills:
 + Level 6.8 Fighting
 + Level 1.8 Short Blades
 + Level 1.8 Long Blades
 + Level 4.9 Axes
 + Level 1.8 Maces & Flails
 + Level 1.8 Polearms
 + Level 1.8 Staves
 + Level 1.8 Slings
 + Level 1.8 Bows
 + Level 1.8 Crossbows
 + Level 1.8 Throwing
 + Level 4.9 Armour
 + Level 3.1 Dodging
 + Level 1.8 Stealth
 + Level 1.8 Shields
 + Level 1.8 Unarmed Combat
 + Level 1.8 Spellcasting
 + Level 1.4 Conjurations
 + Level 1.4 Hexes
 + Level 1.4 Summonings
 + Level 1.4 Necromancy
 + Level 1.4 Translocations
 + Level 1.4 Transmutations
 + Level 1.4 Fire Magic
 + Level 1.4 Ice Magic
 + Level 1.4 Air Magic
 + Level 1.4 Earth Magic
 + Level 1.4 Poison Magic
 + Level 5.0 Invocations
 + Level 1.8 Evocations


You had 8 spell levels left.
You didn't know any spells.
Your spell library was empty.

Dungeon Overview and Level Annotations

Branches:
Dungeon (4/15)
 Temple: D:4-7

Altars:
Yredelemnul


Innate Abilities, Weirdness & Mutations

Your experience applies equally to all skills.
((You have very sharp teeth.))
Your uncanny sense of smell can sniff out nearby items.


Message History

Beogh smites you!
* * * LOW HITPOINT WARNING * * *
The orc priest calls down the wrath of Beogh upon you.
Beogh smites you!
* * * LOW HITPOINT WARNING * * *
Really quaff the potion of lignification?
You turn into a tree.
Your scarf of resistance melds into your body.
The cursed +0 pair of gloves "Earthly Heaven" {Str+6} melds into your body.
Your +0 plate armour melds into your body.
You feel hot and cold all over.
Your roots penetrate the ground.
The orc wizard hits you with a +0 dagger.
* * * LOW HITPOINT WARNING * * *
The orc priest hits you but does no damage.
It was a potion of curing.
You feel better.
The orc wizard hits you but does no damage.
The orc priest looks braver for a moment.
The orc priest calls down the wrath of Beogh upon you.
Beogh smites you!
You die...

.... ..[... >..
..... ### #.#
...# #
.##..##.##...##..
.>.....<.........
......)†.........
........†††......
.................
.........♣.....).
.........ooo.....
.##...####.....##
#### .....#
......# ∆ ......#
......# ......#


You could see 2 orc priests and an orc wizard.

Vanquished Creatures
  A hound (D:4)
  An orc wizard (D:3)
  2 worker ants
  2 adders (D:3)
  3 oozes
  3 worms
  2 dart slugs
  3 leopard geckos
  11 orcs
  4 giant cockroaches
  6 hobgoblins
  4 jackals (D:1)
  5 kobolds
  5 quokkas
  2 ball pythons (D:1)
  7 bats
  5 frilled lizards
  5 goblins
  A quokka skeleton (D:4)
  7 rats
79 creatures vanquished.

Vanquished Creatures (others)
  A frilled lizard (D:2)
1 creature vanquished.

Grand Total: 80 creatures vanquished

Notes
Turn   | Place    | Note
-------+----------+-------------------------------------------
     0 | Abyss:1  | Gargoyl the Gnoll Abyssal Knight began the quest for the
                  | Orb.
     0 | Abyss:1  | Reached XP level 1. HP: 23/23 MP: 3/3
    37 | Abyss:2  | Got a pair of ichor-stained gloves
    43 | Abyss:2  | Identified the cursed +0 pair of gloves "Earthly Heaven"
                  | {Str+6} (You found it on level 2 of the Abyss)
    77 | Abyss:3  | Noticed a small abomination
    91 | Abyss:3  | Noticed an ancient zyme
   107 | D:1      | Escaped the Abyss
   170 | D:1      | Reached XP level 2. HP: 29/29 MP: 5/5
   175 | D:1      | Reached * piety under Lugonu
   435 | D:1      | Reached XP level 3. HP: 35/35 MP: 6/6
   604 | D:1      | You fall into a shaft and drop 1 floor!
   667 | D:2      | You fall into a shaft and drop 1 floor!
   689 | D:3      | Reached skill level 1 in Short Blades
   689 | D:3      | Reached skill level 1 in Long Blades
   689 | D:3      | Reached skill level 1 in Maces & Flails
   689 | D:3      | Reached skill level 1 in Polearms
   689 | D:3      | Reached skill level 1 in Staves
   689 | D:3      | Reached skill level 1 in Slings
   689 | D:3      | Reached skill level 1 in Bows
   689 | D:3      | Reached skill level 1 in Crossbows
   689 | D:3      | Reached skill level 1 in Throwing
   689 | D:3      | Reached skill level 1 in Stealth
   689 | D:3      | Reached skill level 1 in Shields
   689 | D:3      | Reached skill level 1 in Unarmed Combat
   689 | D:3      | Reached skill level 1 in Spellcasting
   689 | D:3      | Reached skill level 1 in Evocations
   694 | D:3      | Reached XP level 4. HP: 21/41 MP: 7/7
   966 | D:2      | Reached skill level 1 in Conjurations
   966 | D:2      | Reached skill level 1 in Hexes
   966 | D:2      | Reached skill level 1 in Summonings
   966 | D:2      | Reached skill level 1 in Necromancy
   966 | D:2      | Reached skill level 1 in Translocations
   966 | D:2      | Reached skill level 1 in Transmutations
   966 | D:2      | Reached skill level 1 in Fire Magic
   966 | D:2      | Reached skill level 1 in Ice Magic
   966 | D:2      | Reached skill level 1 in Air Magic
   966 | D:2      | Reached skill level 1 in Earth Magic
   966 | D:2      | Reached skill level 1 in Poison Magic
  1305 | D:2      | Found a basalt altar of Yredelemnul.
  1892 | D:3      | Reached XP level 5. HP: 47/47 MP: 8/8
  1980 | D:3      | Reached ** piety under Lugonu
  2511 | D:4      | Reached skill level 5 in Invocations
  2511 | D:4      | Reached XP level 6. HP: 30/53 MP: 9/9
  2518 | D:4      | Killed from afar by an orc priest

Illustrated notes

Levels and vault maps discovered:
D:1:      wander_arrival_desolate, layout_basic
D:2:      layout_rooms, general_overflow_altar
D:3:      layout_loops_cross
D:4:      layout_gridville, nemelex_dance_club_becter

Skill      XL: |  1  2  3  4  5 |
---------------+----------------+-----
Short Blades   | 1 |  1.8
Long Blades    | 1 |  1.8
Maces & Flails | 1 |  1.8
Polearms       | 1 |  1.8
Staves         | 1 |  1.8
Slings         | 1 |  1.8
Bows           | 1 |  1.8
Crossbows      | 1 |  1.8
Throwing       | 1 |  1.8
Stealth        | 1 |  1.8
Shields        | 1 |  1.8
Unarmed Combat | 1 |  1.8
Spellcasting   | 1 |  1.8
Evocations     | 1 |  1.8
Conjurations   | 1 |  1.4
Hexes          | 1 |  1.4
Summonings     | 1 |  1.4
Necromancy     | 1 |  1.4
Translocations | 1 |  1.4
Transmutations | 1 |  1.4
Fire Magic     | 1 |  1.4
Ice Magic      | 1 |  1.4
Air Magic      | 1 |  1.4
Earth Magic    | 1 |  1.4
Poison Magic   | 1 |  1.4
Dodging        | 3 |  3.1
Invocations    | 5 |  5.0
Fighting       | |  6.8
Axes           | |  4.9
Armour         | |  4.9

Action                   |  1- 3 |  4- 6 || total
-------------------------+-------+-------++-------
Melee: Hand axe          |    74 |   161 ||   235
       Bite              |    12 |    17 ||    29
       Punch             |       |     1 ||     1
Invok: Depart the Abyss  |     1 |       ||     1
  Use: Scroll            |     1 |     5 ||     6
       Potion            |       |     2 ||     2
Armor: Plate armour      |    68 |   106 ||   174
       Skin              |       |     2 ||     2
Dodge: Dodged            |    37 |    65 ||   102

Table legend: (Time is in decaauts)
 A = Elapsed time spent in this place.
 B = Non-inter-level travel time spent in this place.
 C = Inter-level travel time spent in this place.
 D = Time resting spent in this place.
 E = Time spent auto-exploring this place.
 F = Levels seen in this place.
 G = Mean time per level.
                   A        B        C        D        E       F      G
               +--------+--------+--------+--------+--------+-----+--------+
         Total |   2533 |   2483 |     50 |     12 |   1852 |   7 |  361.9 |
       Dungeon |   2426 |   2376 |     50 |     12 |   1808 |   4 |  606.5 |
         Abyss |    106 |    106 |      0 |      0 |     44 |   3 |   35.3 |
               +--------+--------+--------+--------+--------+-----+--------+

Top non-repeatable levels by time:
     D:3: 1096 daAuts
     D:2: 803 daAuts
     D:1: 499 daAuts
 Abyss:2: 56 daAuts
 Abyss:3: 41 daAuts
     D:4: 26 daAuts
 Abyss:1: 8 daAuts
